 Dungeon Sprint DCSS version 0.28-a0-851-g8b9cc49659 (webtiles) character file.

Game seed: 4805963204433416534

450 xpp the Thaumaturge (level 6, -14/38 (41) HPs)
             Began as a Demonspawn Hedge Wizard on Nov 14, 2021.
             Was a Follower of Kikubaaqudgha.
             Killed from afar by a deep elf death mage (47 damage)
             ... with a bolt of negative energy
             ... in the Dungeon (Sprint V: "Ziggurat Sprint").
             The game lasted 00:04:37 (108 turns).

xpp the Thaumaturge (Demonspawn Hedge Wizard)        Turns: 108, Time: 00:04:38

HP:   -14/38 (41)   AC:  2    Str: 18    XL:     6   Next: 74%
MP:   17/25         EV: 16    Int: 21    God:    Kikubaaqudgha [*.....]
Gold: 0             SH:  0    Dex: 19    Spells: 24/25 levels left

rFire   . . .      SeeInvis .   D - +6 Majin-Bo {vamp, MP+6 Int+6}
rCold   . . .      Faith    .   (shield currently unavailable)
rNeg    . . .      Spirit   .   b - +0 robe
rPois   .          Reflect  .   c - +0 hat
rElec   .          Harm     .   (no cloak)
rCorr   .          Rampage  .   (no gloves)
Will    .....      NoTele   +   (no boots)
Stlth   ++........              (no amulet)
HPRegen 0.12/turn               x - +6 ring of strength
MPRegen 0.19/turn               u - +6 ring of dexterity

@: drained, invisible
A: repulsion field 1, powered by death 1
a: Renounce Religion, Receive Corpses


You were in the Dungeon.
You worshipped Kikubaaqudgha.
Kikubaaqudgha was aware of your devotion.
You visited 1 branch

Inventory:

Hand Weapons
 D - the +6 Majin-Bo (weapon) {vamp, MP+6 Int+6}
   (You found it in the Dungeon)

   It occasionally heals its wielder for a portion of the damage dealt when they
   wound a living foe with it or with a spell.
   Its wielder's spells cost health as well as magical power.
   Int:       It affects your intelligence (+6).
   MP:        It affects your magic capacity (+6).
Armour
 a - +5 shadow dragon scales
 b - a +0 robe (worn)
 c - a +0 hat (worn)
Jewellery
 s - a ring of flight
 t - a +6 ring of dexterity
 u - a +6 ring of dexterity (right hand)
 v - a +6 ring of intelligence
 w - a +6 ring of intelligence
 x - a +6 ring of strength (left hand)
 y - a +6 ring of strength
Wands
 z - a wand of mindburst (7)
 A - a wand of iceblast (4)
 B - a wand of acid (4)
Scrolls
 i - 4 scrolls of blinking
 o - 4 scrolls of amnesia
 p - 7 scrolls of fog
 q - 5 scrolls of identify
 r - 2 scrolls of fear
Potions
 d - 10 potions of curing
 e - 8 potions of heal wounds
 f - 6 potions of haste
 g - 7 potions of magic
 h - 3 potions of berserk rage
 j - 2 potions of brilliance
 k - a potion of invisibility
 l - 4 potions of resistance
 n - 5 potions of might
Miscellaneous
 C - a lightning rod (4/4)


   Skills:
 * Level 8.7 Staves
 + Level 4.3 Dodging
 - Level 1.7 Stealth
 + Level 10.2 Spellcasting
 - Level 1.0 Conjurations
 - Level 1.0 Summonings
 - Level 0.8 Translocations


You had 24 spell levels left.
You knew the following spells:

 Your Spells              Type           Power      Damage    Failure   Level
a - Magic Dart            Conj           56%        1d5       4%          1

Your spell library contained the following spells:

 Spells                   Type           Power      Damage    Failure   Level
 Pain                     Necr           40%        1d6       6%          1
 Slow                     Hex            40%        N/A       6%          1
 Call Imp                 Summ           14%        N/A       6%          2
 Blink                    Tloc           28%        N/A       7%          2
 Corpse Rot               Necr/Air       20%        N/A       10%         2
 Sublimation of Blood     Necr           10%        N/A       10%         2
 Conjure Flame            Conj/Fire      12%        6-21      16%         3
 Mephitic Cloud           Conj/Pois/Air  12%        N/A       17%         3
 Vampiric Draining        Necr           10%        2d6       19%         3


Dungeon Overview and Level Annotations

Branches:
Dungeon (1/1)

Altars:
Ashenzari
Cheibriados
Dithmenos
Elyvilon
Fedhas
Gozag
Hepliaklqana
Kikubaaqudgha
Makhleb
Nemelex Xobeh
Okawaru
Qazlal
Ru
Sif Muna
Trog
Uskayaw
Vehumet
Wu Jian
Xom
Yredelemnul
Zin
The Shining One
Beogh
Jiyva
Lugonu

Annotations:
D 1 transporter


Innate Abilities, Weirdness & Mutations

You are surrounded by a mild repulsion field. (EV +2)
You regenerate a little health from kills.


Message History

Increase (S)trength, (I)ntelligence, or (D)exterity?
You feel stronger.
Aiming: Corrosive Bolt
Press: ? - help, Shift-Dir - straight line, f - deep elf death mage
Aim: a deep elf death mage, wielding a +0 long sword (moderately wounded, 60% to hit)
The bolt of acid hits the deep elf death mage!
The acid corrodes the deep elf death mage!
The deep elf death mage is heavily wounded.
The bolt of acid hits something!
The acid corrodes something!
You miss the deep elf death mage.
The deep elf death mage is heavily wounded.
The deep elf death mage hits you with a +0 long sword!
You barely miss the deep elf death mage.
The deep elf death mage is heavily wounded.
The deep elf death mage hits you with a +0 long sword!
You feel much better.
The deep elf death mage barely misses you.
Aiming: Corrosive Bolt
Press: ? - help, Shift-Dir - straight line, f/p - deep elf death mage
Aim: a deep elf death mage, wielding a +0 long sword (heavily wounded, covered in acid, 60% to hit)
The deep elf death mage barely misses you.
A deep elf death mage is nearby!
Aiming: Corrosive Bolt
Press: ? - help, Shift-Dir - straight line, f/p - deep elf death mage
Aim: a deep elf death mage, wielding a +0 long sword (heavily wounded, covered in acid, 60% to hit)
The bolt of acid hits the deep elf death mage!!
The deep elf death mage seems to be corroded for longer.
The deep elf death mage is severely wounded.
The deep elf death mage barely misses you.
You hear some strange, mumbled words.
A lance of force appears from out of thin air!
The lance of force hits you!!
Ouch! That really hurt!
* * * LOW HITPOINT WARNING * * *
You feel much better.
The deep elf death mage casts a spell at you.
The bolt of negative energy hits you!!!
You feel drained.
Ouch! That really hurt!
You die...
Kikubaaqudgha rasps: "You have failed me!
Welcome... death!"

▓▓▓▓▓▓▓▓▓▓▓▓▓
▓.8©8.▓.8©8.▓
▓.:==.▓.....▓
▓.)...▓.[.|.▓
▓{....▓.....▓
▓.....▓.....▓
▓..e..▓..©..▓
▓..@..▓▓▓▓▓▓▓
▓▓▓▓▓▓▓


You could see a deep elf death mage (corroded).

Vanquished Creatures
  A deep elf pyromancer (D)
  A quasit (D)
  A ball python skeleton (D)
3 creatures vanquished.

Notes
Turn   | Place    | Note
-------+----------+-------------------------------------------
     0 | D        | xpp the Demonspawn Hedge Wizard began the quest for the
                  | Orb.
     0 | D        | Reached XP level 1. HP: 13/13 MP: 4/4
     0 | D        | Found a blossoming altar of Fedhas.
     0 | D        | Found the +6 Majin-Bo {vamp, MP+6 Int+6}
     0 | D        | Found the +9 heavy crossbow "Sniper" {vorpal, Acc+∞ SInv}
     0 | D        | Found the +10 dark maul {vorpal}
     0 | D        | Found the +15 Maxwell's patent armour {-Cast -Tele rElec
                  | Will+ rCorr}
     0 | D        | Found the +18 shield of the Gong {rElec rN+ Will+ EV-5}
     0 | D        | Found the +14 obsidian axe {vorpal, Mesm Drain Fly SInv}
     0 | D        | Found the +7 great mace "Firestarter" {inner flame, rF++}
     0 | D        | Found the +6 shillelagh "Devastator" {shatter}
     0 | D        | Found the +11 plutonium sword {Contam Stlth-}
     0 | D        | Found the +8 lance "Wyrmbane" {slay drac, rPois rF+ rC+
                  | AC+3}
     0 | D        | Found the +9 sword of Zonguldrok {reap}
     0 | D        | Found the +13 scythe of Curses {drain, Drain}
     0 | D        | Found the +5 sword of Power {vorpal}
     0 | D        | Found the +7 mace of Variability {chain chaos}
     0 | D        | Found the +7 Singing Sword {vorpal, sonic wave}
     0 | D        | Found the +8 storm bow {elec, penet}
     1 | D        | Found a shimmering blue altar of Sif Muna.
     1 | D        | Found a sacrificial altar of Ru.
     1 | D        | Found a bloodstained altar of Trog.
     1 | D        | Found a stormy altar of Qazlal.
     1 | D        | Found an iron altar of Okawaru.
     1 | D        | Found a sparkling altar of Nemelex Xobeh.
     3 | D        | Found a transporter.
     3 | D        | Found an ancient bone altar of Kikubaaqudgha.
     3 | D        | Found a viscous altar of Jiyva.
     3 | D        | Found a corrupted altar of Lugonu.
     3 | D        | Found a hazy altar of Hepliaklqana.
     3 | D        | Found a burning altar of Makhleb.
     3 | D        | Found an opulent altar of Gozag.
    29 | D        | Became a worshipper of Kikubaaqudgha
    77 | D        | Gained mutation: You are surrounded by a mild repulsion
                  | field. (EV +2) [demonic ancestry]
    77 | D        | Reached XP level 2. HP: 19/19 MP: 6/6
    80 | D        | Entered arena 2.
    80 | D        | Found the +27 Lear's hauberk
    80 | D        | Found a transporter.
    82 | D        | Reached skill level 4 in Spellcasting
    82 | D        | Reached XP level 3. HP: 24/24 MP: 8/8
    97 | D        | Entered arena 3.
    97 | D        | Noticed a deep elf pyromancer
    97 | D        | Noticed a deep elf death mage
    97 | D        | Noticed a deep elf knight
    97 | D        | Found a transporter.
   101 | D        | Killed a deep elf pyromancer
   101 | D        | Reached * piety under Kikubaaqudgha
   101 | D        | Received a gift from Kikubaaqudgha
   102 | D        | Reached skill level 10 in Spellcasting
   102 | D        | Reached XP level 4. HP: 30/30 MP: 15/16
   102 | D        | Gained mutation: You regenerate a little health from kills.
                  | [demonic ancestry]
   102 | D        | Reached XP level 5. HP: 35/35 MP: 15/17
   102 | D        | Reached XP level 6. HP: 41/41 MP: 16/19
   107 | D        | HP: 2/41 [something (13)]
   108 | D        | Killed from afar by a deep elf death mage

Illustrated notes

Levels and vault maps discovered:
D:        sprint_v [room_start, room_1, room_2, room_3, room_4, room_5, room_6,
          room_7, room_8, room_9, room_10, room_11, room_12, room_13, room_14,
          room_15, room_16, room_17, room_18, room_19, room_20, room_21,
          room_22, room_23, room_24, room_25, room_26, room_27]

Skill      XL: |  1  2  3 |
---------------+----------+-----
Staves         | 6 8 |  8.7
Dodging        | 2 4 |  4.3
Spellcasting   | 4 10 | 10.2
Stealth        | |  1.7
Conjurations   | |  1.0
Summonings     | |  1.0
Translocations | |  0.8

Action                   |  1- 3 |  4- 6 || total
-------------------------+-------+-------++-------
Melee: Quarterstaff      |     2 |     2 ||     4
Evoke: Wand              |     3 |     3 ||     6
  Use: Potion            |     2 |     2 ||     4
Dodge: Dodged            |       |     3 ||     3

Table legend: (Time is in decaauts)
 A = Elapsed time spent in this place.
 B = Non-inter-level travel time spent in this place.
 C = Inter-level travel time spent in this place.
 D = Time resting spent in this place.
 E = Time spent auto-exploring this place.
 F = Levels seen in this place.
 G = Mean time per level.
                   A        B        C        D        E       F      G
               +--------+--------+--------+--------+--------+-----+--------+
         Total |    106 |    106 |      0 |     33 |      5 |   1 |  106.0 |
       Dungeon |    106 |    106 |      0 |     33 |      5 |   1 |  106.0 |
               +--------+--------+--------+--------+--------+-----+--------+

Top non-repeatable levels by time:
       D: 106 daAuts
